 Dungeon Crawl Stone Soup version 0.29.1-15-g9cfb28693d (webtiles) character file.

Game seed: 18235944278119479863

220096 Smoke131 the Scorcher (level 18, -27/219 (244) HPs)
             Began as a Red Draconian Fire Elementalist on Mar 4, 2023.
             Was the Champion of Vehumet.
             Killed from afar by a jorogumo (41 damage)
             ... with a bolt of negative energy
             ... on level 4 of the Spider Nest.
             The game lasted 03:06:59 (57372 turns).

Smoke131 the Scorcher (DrFE)                       Turns: 57372, Time: 03:07:00

HP:   -27/219 (244) AC: 29    Str:  6 (10) XL:     18   Next: 46%
MP:   44/44         EV:  2    Int: 24 (25) God:    Vehumet [******]
Gold: 2465          SH:  0    Dex: 16 (19) Spells: 6/43 levels left

rFire   + . .      SeeInvis +   o - +8 trident of the Other Side {pain, rPois}
rCold   x . .      Faith    .   P - +3 buckler
rNeg    . . .      Spirit   .   (body armour unavailable)
rPois   +          Reflect  +   (helmet currently unavailable)
rElec   +          Harm     .   (cloak currently unavailable)
rCorr   +          Rampage  .   (gloves currently unavailable)
Will    .....      NoTele   +   (boots currently unavailable)
Stlth   ++........              z - amulet of reflection
HPRegen 0.46/turn               J - ring of Quom {Fire Will- Int+3 SInv Stlth+}
MPRegen 0.29/turn               b - ring "Cozxoxoh" {rElec rCorr MP+9 Dex+5 Slay+2}

@: confused, lethally poisoned (-27 -> -36), tree-form (expiring), held, heavily
drained
A: stationary, stasis, torment immunity, boosted hp, (breathe fire), AC +10,
unfitting armour, (fire resistance 1), (cold-blooded)
}: 1/15 runes: decaying
a: Renounce Religion


You were on level 4 of the Spider Nest.
You worshipped Vehumet.
Vehumet was exalted by your worship.
You were a tree.
You visited 7 branches of the dungeon, and saw 32 of its levels.
You also visited: Bailey, Gauntlet and Ice Cave.

You collected 3910 gold pieces.
You spent 1445 gold pieces at shops.

Inventory:

Hand Weapons
 o - the +8 trident of the Other Side (weapon) {pain, rPois}
   (You found it on level 5 of the Lair of Beasts)

   In the hands of one skilled in necromantic magic, it inflicts extra damage on
   living creatures.
   rPois:     It protects you from poison.
 Y - a +6 demon trident of electrocution
Armour
 v - the +1 pair of boots of Masochism (melded) {rElec Str+7 Int+4 Stlth-}
   (You acquired it on level 11 of the Dungeon)

   Str:       It affects your strength (+7).
   Int:       It affects your intelligence (+4).
   rElec:     It insulates you from electricity.
   Stlth:     It makes you less stealthy.
 y - a +1 cloak (melded)
 L - a +2 hat of willpower (melded)
 N - a +2 pair of gloves of dexterity (melded)
 P - a +3 buckler (worn)
Magical Staves
 I - a staff of fire
Jewellery
 a - a ring of poison resistance
 b - the ring "Cozxoxoh" (right branch) {rElec rCorr MP+9 Dex+5 Slay+2}
   (You acquired it on level 11 of the Dungeon)

   [ring of magical power]

   Dex:       It affects your dexterity (+5).
   Slay:      It affects your accuracy & damage with ranged weapons and melee
   (+2).
   rElec:     It insulates you from electricity.
   MP:        It affects your magic capacity (+9).
   rCorr:     It protects you from acid and corrosion.
 c - a ring of protection from cold
 j - a ring of protection from cold
 p - a +4 ring of evasion
 q - a ring of wizardry
 w - an amulet of magic regeneration
 z - an amulet of reflection (around neck)
 B - a ring of willpower
 H - a ring of fire
 J - the ring of Quom (left branch) {Fire Will- Int+3 SInv Stlth+}
   (You found it in a Gauntlet)

   [ring of fire]

   It enhances your fire magic.
   Int:       It affects your intelligence (+3).
   rF:        It protects you from fire.
   rC:        It makes you vulnerable to cold.
   SInv:      It lets you see invisible.
   Will:      It decreases your willpower.
   Stlth:     It makes you more stealthy.
 O - a ring of flight
 X - the ring of Oxioh {rPois rC+ rN+ Int-5}
   (You found it in an ice cave)

   [ring of positive energy]

   Int:       It affects your intelligence (-5).
   rC:        It protects you from cold.
   rPois:     It protects you from poison.
   rN:        It protects you from negative energy.
Wands
 m - a wand of paralysis (22)
 t - a wand of polymorph (19)
 u - a wand of flame (52)
 F - a wand of mindburst (10)
 R - a wand of digging (6)
 T - a wand of roots (12)
Scrolls
 d - 4 scrolls of poison
 g - a scroll of teleportation
 l - 2 scrolls of magic mapping
 r - a scroll of blinking
 s - 6 scrolls of fear
 C - 19 scrolls of identify
 D - 3 scrolls of amnesia
 E - 3 scrolls of fog
 K - 4 scrolls of summoning
 M - a scroll of silence
 W - a scroll of enchant armour
Potions
 e - 5 potions of lignification
 f - 9 potions of brilliance
 h - 15 potions of curing
 i - 3 potions of haste
 k - 7 potions of mutation
 n - 3 potions of flight
 x - 4 potions of ambrosia
 A - 2 potions of berserk rage
 G - 2 potions of cancellation
 Q - 2 potions of invisibility
 S - 2 potions of might
 U - 3 potions of attraction


   Skills:
 - Level 15.0 Fighting
 - Level 15.0 Dodging
 - Level 1.7 Stealth
 - Level 6.0 Shields
 + Level 13.1 Spellcasting
 + Level 17.4 Conjurations
 + Level 18.3 Fire Magic


You had 6 spell levels left.
You knew the following spells:

 Your Spells              Type           Power      Damage    Failure   Level
a - Foxfire               Conj/Fire      100%       2x1d9     0%          1
b - Scorch                Fire           100%       2d10      0%          2
c - Conjure Flame         Conj/Fire      100%       6-21      0%          3
d - Sticky Flame          Conj/Fire      100%       2d11      1%          4
e - Flame Wave            Conj/Fire      100%       2d21      1%          4
f - Fireball              Conj/Fire      50%        3d20      1%          5
g - Starburst             Conj/Fire      50%        6d14      1%          6
s - Iskenderun's Battles  Conj           78%        2d13      1%          5
z - Orb of Destruction    Conj           39%        9d11      1%          7

Your spell library contained the following spells:

 Spells                   Type           Power      Damage    Failure   Level
 Lightning Bolt           Conj/Air       27%        1d44      1%          5
 Searing Ray              Conj           100%       2d8       0%          2
 Ignite Poison            Fire/Tmut/Pois 61%        N/A       1%          3
 Inner Flame              Hex/Fire       74%        N/A       1%          3
 Fulminant Prism          Conj/Hex       27%        3d14      1%          4
 Iskenderun's Mystic Bla  Conj/Tloc      55%        2d12      1%          4
 Apportation              Tloc           30%        N/A       4%          1
 Necrotise                Necr           60%        1d7       4%          1
 Summon Small Mammal      Summ           60%        N/A       4%          1
 Conjure Ball Lightning   Conj/Air       27%        3x3d8     5%          6
 Iron Shot                Conj/Erth      27%        9d6       5%          6
 Call Canine Familiar     Summ           15%        N/A       14%         3
 Gell's Gravitas          Tloc           15%        N/A       14%         3
 Lesser Beckoning         Tloc           15%        N/A       14%         3
 Ozocubu's Armour         Ice            15%        N/A       14%         3
 Portal Projectile        Hex/Tloc       30%        N/A       14%         3
 Summon Guardian Golem    Hex/Summ       15%        N/A       14%         3
 Teleport Other           Tloc           15%        N/A       14%         3
 Tukima's Dance           Hex            15%        N/A       14%         3
 Lee's Rapid Deconstruct  Erth           7%         3d8*      32%         5
 Cause Fear               Hex            7%         N/A       43%         4
 Corpse Rot               Necr/Pois/Air  15%        N/A       43%         4
 Dispel Undead            Necr           15%        3d10      43%         4
 Blade Hands              Tmut           7%         N/A       80%         5
 Death Channel            Necr           7%         N/A       100%        6
 Dragon Form              Tmut           7%         N/A       100%        7
 Malign Gateway           Summ/Tloc      7%         N/A       100%        7
 Ozocubu's Refrigeration  Ice            7%         4d9       100%        7
 Summon Horrible Things   Summ           7%         N/A       100%        8
 Dragon's Call            Summ           7%         N/A       100%        9
 Animate Armour           Summ/Erth      Unusable   N/A       N/A         4

Dungeon Overview and Level Annotations

Branches:
Dungeon (15/15)            Temple (1/1) D:6            Lair (5/5) D:11
  Swamp (4/4) Lair:3       Spider (4/4) Lair:3        Slime (0/5) Lair:4
    Orc (2/2) D:9             Elf (1/3) Orc:2        Vaults (0/5) D:14
 Depths (0/4) D:15         Bailey (visited)           IceCv (visited)
Gauntlet (visited)

Altars:
Ashenzari
Cheibriados
Dithmenos
Elyvilon
Fedhas
Gozag
Hepliaklqana
Kikubaaqudgha
Nemelex Xobeh
Okawaru
Ru
Trog
Uskayaw
Vehumet
Xom
Yredelemnul
The Shining One
Jiyva

Shops:
Orc:2 (*[[   Swamp:1 *


Innate Abilities, Weirdness & Mutations

You are a tree.
Your roots penetrate the ground, keeping you stationary.
You cannot be teleported.
You are immune to unholy pain and torment.
Your maximum health is greatly increased.
Your equipment is partially melded.
((You can breathe blasts of fire.))
((Your fiery red scales are hard. (AC +10)))
You cannot fit into any form of body armour.
((Your flesh is heat resistant. (rF+)))
((You are cold-blooded and may be slowed by cold attacks.))


Message History

The jorogumo hits you!
The tarantella touches you but does no damage.
The jumping spider leaps!
The jorogumo casts a spell at you.
The stream of webbing hits you but does no damage.
You are even more entangled.
The tarantella touches you but does no damage.
The jorogumo hits you but does no damage.
Your transformation is almost over.
The tarantella touches you. The jorogumo casts a spell at you.
The bolt of negative energy hits you!!
You feel drained.
* * * LOW HITPOINT WARNING * * *
The tarantella touches you but does no damage.
The jumping spider leaps!
The tarantella touches you but does no damage.
The jorogumo stares at you and mumbles some strange words.
The stream of webbing hits you but does no damage.
You are even more entangled.
The tarantella touches you but does no damage.
The jorogumo hits you.
* * * LOW HITPOINT WARNING * * *
You are poisoned.
You feel yourself slow down. The tarantella touches you!
* * * LOW HITPOINT WARNING * * *
You feel yourself speed up.
You feel extremely sick. The tarantella touches you.
* * * LOW HITPOINT WARNING * * *
The jorogumo hits you but does no damage.
An emperor scorpion comes into view.
The jorogumo hits you!
* * * LOW HITPOINT WARNING * * *
The tarantella barely misses you.
You feel very sick.
The tarantella touches you but does no damage.
The jumping spider leaps!
The jorogumo stares at you and mumbles some strange words.
The bolt of negative energy hits you!!!
You feel drained.
You die...

..#...°........
......!^.......
.............s.
......s........
...............
..!...........#
........H.....#
.......♣s...#
.........^#.#
.....[...##
...^....##
......###
....[^ .....#
.....


You could see an emperor scorpion, a jorogumo, a jumping spider and a
tarantella.

Vanquished Creatures
  Arachne (Spider:1)
  Rupert (Lair:4)
  A tentacled monstrosity (Swamp:4)
  A lich (IceCv)
  Agnes (Spider:3)
  Gastronok (D:9)
  Aizul (Spider:1)
  An orc warlord (Orc:2)
  8 emperor scorpions
  5 ghost moths
  A stone giant (D:15)
  4 very ugly things
  2 broodmothers
  Nessos (Orc:2)
  7 eleionomae
  An entropy weaver (Spider:3)
  A minotaur (Gauntlet)
  Azrael (Spider:1)
  3 bunyips
  4 spark wasps
  2 green deaths (Swamp:4)
  Josephine (D:13)
  A caustic shrike simulacrum (IceCv)
  16 hydras
  Fannar (D:11)
  4 ogre magi (Orc:2)
  A merfolk avatar (Lair:5)
  10 boulder beetles
  A catoblepas (Gauntlet)
  5 centaur warriors
  4 radroaches
  A ghost crab (Swamp:2)
  2 dancing weapons (Elf:1)
  14 two-headed ogres
  6 alligators
  A death yak (Gauntlet)
  3 deep elf knights (Elf:1)
  A spriggan berserker (Swamp:3)
  A tengu warrior (D:13)
  Sonja (D:9)
  Urug (Lair:5)
  6 pharaoh ants
  A sun moth (Spider:2)
  A glowing orange brain (Gauntlet)
  4 goliath frogs
  4 spriggan druids
  5 orb spiders
  A sea snake (Lair:5)
  12 bog bodies
  16 swamp dragons
  A spriggan simulacrum (IceCv)
  A wizard (D:15)
  6 steelbarb worms
  3 deep elf archers (Elf:1)
  7 deep elf pyromancers (Elf:1)
  An obsidian statue (IceCv)
  3 harpies
  A wolf spider (shapeshifter) (D:14)
  2 deep elf zephyrmancers (Elf:1)
  3 necromancers
  2 oklob plants (Lair:4)
  20 wolf spiders
  6 cyclopes
  26 ugly things
  5 manticores
  3 will-o-the-wisps
  2 torpor snails
  5 black mambas
  5 gargoyles
  18 elephants
  A large abomination (Swamp:4)
  16 demonic crawlers
  2 efreet (D:10)
  An unseen horror (D:12)
  3 rime drakes
  7 cane toads
  3 kobold demonologists (D:11)
  10 komodo dragons
  3 tengu conjurers
  7 anaconda simulacra (IceCv)
  14 freezing wraiths
  2 ice devils (IceCv)
  2 polar bears (Lair:5)
  A golden dragon simulacrum (IceCv)
  3 meliai (Spider:3)
  Grinder (D:4)
  12 hornets
  A troll (shapeshifter) (D:14)
  23 tarantellas
  7 trolls
  A wind drake (Lair:5)
  7 blink frogs
  A hornet (shapeshifter) (D:15)
  11 tyrant leeches
  16 slime creatures
  12 dream sheep (Lair:4)
  2 snapping turtles (Lair:5)
  26 jumping spiders
  An air elemental (Elf:1)
  Sigmund (D:5)
  4 wyverns
  17 yaks
  4 wraiths
  11 spriggans
  15 culicivoras
  2 vampires
  7 shadows
  A water elemental (D:14)
  2 dire elephant simulacra (IceCv)
  4 basilisks
  35 redbacks
  7 fire elementals
  A small abomination (Swamp:4)
  13 vampire mosquitoes
  5 steam dragons
  3 minotaur simulacra (IceCv)
  17 swamp worms
  6 harpy simulacra (IceCv)
  A hydra simulacrum (IceCv)
  A warg (Orc:2)
  2 acid dragons
  3 hell hounds
  16 water moccasins
  Duvessa (D:5)
  An ice beast (D:8)
  2 ettin simulacra (IceCv)
  A black bear (D:8)
  A sky beast (D:6)
  4 alligator simulacra (IceCv)
  18 ogres (Orc:2)
  18 orc warriors
  4 wolves (Lair:3)
  9 centaurs
  2 phantoms
  3 kobold brigands
  A necrophage (D:6)
  2 scorpions
  7 bullfrogs
  A gnoll sergeant (D:5)
  14 wights
  Dowan (D:5)
  A lindwurm simulacrum (IceCv)
  3 killer bees (D:7)
  2 electric eels
  3 howler monkeys
  8 vampire bats (Bailey)
  7 wolf zombies (Bailey)
  4 hounds
  3 lava snakes (D:14)
  6 jellies
  20 orc priests
  A gnoll bouda (D:5)
  An iguana (D:7)
  Crazy Yiuf (D:5)
  Ijyb (D:4)
  18 orc wizards
  15 gnolls
  8 adders
  2 shadow imps (D:7)
  An ufetubus (D:5)
  4 worms
  6 dart slugs
  65 orcs
  10 ball pythons
  7 bats
  5 endoplasms
  3 giant cockroaches
  12 goblins
  7 hobgoblins
  3 jackals (D:2)
  17 kobolds
  2 quokkas
  4 frilled lizards
  19 orc zombies (Bailey)
  7 rats
1033 creatures vanquished.

Vanquished Creatures (collateral kills)
  2 foxfires (D:4)
2 creatures vanquished.

Vanquished Creatures (others)
  A spriggan (Swamp:2)
  4 bloated husks
  A hornet (Swamp:2)
  A gnoll (D:6)
  An orc (D:10)
  4 bushes (D:13)
  706 foxfires
  26 fungi
  65 plants
  4 withered plants (Gauntlet)
813 creatures vanquished.

Grand Total: 1848 creatures vanquished

Notes
Turn   | Place    | Note
-------+----------+-------------------------------------------
     0 | D:1      | Smoke131 the Draconian Fire Elementalist began the quest
                  | for the Orb.
     0 | D:1      | Reached XP level 1. HP: 14/14 MP: 3/3
   319 | D:1      | Reached XP level 2. HP: 22/22 MP: 0/5
   392 | D:1      | Learned a level 2 spell: Scorch
   466 | D:1      | Found a faded altar of an unknown god.
  1002 | D:1      | Reached skill level 1 in Fighting
  1386 | D:2      | Reached XP level 3. HP: 18/28 MP: 3/6
  2018 | D:2      | Reached XP level 4. HP: 12/35 MP: 5/7
  2290 | D:2      | Learned a level 3 spell: Conjure Flame
  2974 | D:3      | Reached XP level 5. HP: 41/41 MP: 4/9
  4159 | D:4      | Noticed Grinder
  4179 | D:4      | Reached skill level 4 in Fire Magic
  4253 | D:4      | Killed Grinder
  4254 | D:4      | Reached XP level 6. HP: 19/51 MP: 0/11
  4780 | D:4      | Identified the +8 sling "Sabrog" {venom, +Blink rF++}
  4887 | D:4      | Your scales start taking on a fiery red colour.
  4887 | D:4      | Reached skill level 5 in Fire Magic
  4887 | D:4      | Reached XP level 7. HP: 57/57 MP: 3/12
  4887 | D:4      | Gained mutation: Your flesh is heat resistant. (rF+) [Red
                  | Draconian growth]
  5346 | D:5      | Entered Level 5 of the Dungeon
  5558 | D:5      | Noticed Ijyb
  5583 | D:4      | Killed Ijyb
  5652 | D:5      | Found the amulet of Elemental Vulnerability {rPois rF--
                  | rC-- AC+8}
  5740 | D:5      | Found a snail-covered altar of Cheibriados.
  5740 | D:5      | Noticed Dowan
  5743 | D:5      | Noticed Duvessa
  5792 | D:5      | Killed Dowan
  5793 | D:5      | Reached skill level 6 in Fire Magic
  6006 | D:5      | Found an opulent altar of Gozag.
  6006 | D:5      | Noticed Sigmund
  6020 | D:5      | Killed Sigmund
  6021 | D:5      | Reached XP level 8. HP: 63/67 MP: 9/14
  6457 | D:5      | Found a runed translucent door.
  6458 | D:5      | Noticed Crazy Yiuf
  6566 | D:5      | Killed Crazy Yiuf
  6780 | D:5      | Killed Duvessa
  7021 | D:6      | Reached skill level 5 in Fighting
  7223 | D:6      | Reached skill level 7 in Fire Magic
  7226 | D:6      | Reached skill level 5 in Conjurations
  7306 | D:6      | Found a staircase to the Ecumenical Temple.
  7347 | D:6      | Reached skill level 5 in Spellcasting
  7634 | D:5      | Reached skill level 5 in Dodging
  7843 | D:6      | Reached XP level 9. HP: 61/74 MP: 11/16
  9327 | D:7      | Reached skill level 8 in Fire Magic
  9819 | D:7      | Found a blossoming altar of Fedhas.
 10412 | D:8      | Found a flagged portal.
 10418 | D:8      | Identified the +7 halberd of Big Damage {drain, rC++ rN+}
 10423 | Bailey   | Entered a bailey
 10451 | Bailey   | Learned a level 4 spell: Flame Wave
 10838 | Bailey   | Reached skill level 9 in Fire Magic
 10838 | Bailey   | Reached XP level 10. HP: 86/86 MP: 10/17
 10895 | Bailey   | Noticed a gargoyle
 10905 | Bailey   | Killed a gargoyle
 12152 | D:8      | Noticed a gargoyle
 12171 | D:8      | Killed a gargoyle
 12352 | D:8      | Found an iron altar of Okawaru.
 12937 | Temple   | Entered the Ecumenical Temple
 12943 | Temple   | Became a worshipper of Vehumet
 13095 | D:9      | Reached skill level 10 in Fire Magic
 13645 | D:9      | Found a staircase to the Orcish Mines.
 13652 | D:9      | Noticed Gastronok
 13720 | D:9      | Killed Gastronok
 13721 | D:9      | Reached XP level 11. HP: 80/97 MP: 0/18
 13960 | D:9      | Noticed a +0 spear
 13961 | D:9      | Noticed a +0 dagger
 13961 | D:9      | Noticed a +0 falchion
 13961 | D:9      | Noticed a +0 spear
 13962 | D:9      | Noticed a +0 falchion
 13962 | D:9      | Noticed a +0 short sword
 13963 | D:9      | Noticed a +0 short sword
 13963 | D:9      | Noticed a +0 dagger
 13988 | D:9      | Reached * piety under Vehumet
 13988 | D:9      | Offered knowledge of Sandblast by Vehumet.
 14179 | D:9      | Found a hide-covered altar of Uskayaw.
 14409 | D:10     | Entered Level 10 of the Dungeon
 15614 | D:10     | Found a sacrificial altar of Ru.
 15671 | D:10     | Found a shimmering altar of Xom.
 16008 | D:10     | Identified 2 scrolls of acquirement
 16192 | D:10     | Found a sparkling altar of Nemelex Xobeh.
 16814 | D:11     | Reached skill level 10 in Fighting
 17294 | D:11     | Offered knowledge of Searing Ray by Vehumet.
 17294 | D:11     | Noticed a boulder beetle
 17332 | D:10     | Learned a level 2 spell: Searing Ray
 17366 | D:11     | Killed a boulder beetle
 17367 | D:11     | Reached skill level 10 in Conjurations
 17778 | D:11     | Reached ** piety under Vehumet
 17945 | D:11     | Found a staircase to the Lair.
 17958 | D:11     | Noticed Fannar
 18005 | D:11     | Killed Fannar
 18181 | D:11     | Acquired the +1 pair of boots of Masochism {rElec Str+7
                  | Int+4 Stlth-}
 18198 | D:11     | Acquired 1285 gold pieces
 18200 | D:11     | Acquired the ring "Cozxoxoh" {rElec rCorr MP+9 Dex+5
                  | Slay+2}
 18249 | Lair:1   | Entered Level 1 of the Lair of Beasts
 18266 | Lair:1   | Reached skill level 10 in Dodging
 18541 | Lair:1   | Reached XP level 12. HP: 95/106 MP: 20/20
 18730 | Lair:1   | Found a broken altar of Ashenzari.
 18764 | Lair:1   | Noticed a five-headed hydra
 18782 | Lair:1   | Killed a five-headed hydra
 19718 | Lair:2   | Reached skill level 11 in Fire Magic
 20486 | Lair:3   | Offered knowledge of Frozen Ramparts by Vehumet.
 20530 | Lair:3   | Reached *** piety under Vehumet
 20594 | Lair:3   | Found a hole to the Spider Nest.
 21462 | Lair:3   | Reached skill level 12 in Fire Magic
 21498 | Lair:3   | Found a staircase to the Swamp.
 21906 | Lair:4   | Found a gate leading to a gauntlet.
 21931 | Gauntlet | Entered a Gauntlet
 21931 | Gauntlet | Found a transporter.
 21975 | Gauntlet | Found a transporter.
 21978 | Gauntlet | Found a transporter.
 21979 | Gauntlet | Found a transporter.
 21986 | Gauntlet | Noticed a catoblepas
 21988 | Gauntlet | Found a transporter.
 21990 | Gauntlet | Found a transporter.
 21991 | Gauntlet | Found a transporter.
 21993 | Gauntlet | Noticed a death yak
 21993 | Gauntlet | Noticed a death yak
 21994 | Gauntlet | Noticed a death yak
 21994 | Gauntlet | Noticed a death yak
 21995 | Gauntlet | Noticed a death yak
 22000 | Gauntlet | Found a transporter.
 22003 | Gauntlet | Found a transporter.
 22004 | Gauntlet | Found a transporter.
 22010 | Gauntlet | Found a runed translucent gate.
 22010 | Gauntlet | Found a runed translucent gate.
 22011 | Gauntlet | Found a runed translucent gate.
 22012 | Gauntlet | Found a transporter.
 22015 | Gauntlet | Found a transporter.
 22016 | Gauntlet | Found a transporter.
 22024 | Gauntlet | Found a transporter.
 22231 | Gauntlet | Identified the ring of Quom {Fire Will- Int+3 SInv Stlth+}
 22249 | Gauntlet | Acquired a staff of fire
 22260 | Gauntlet | Killed a catoblepas
 22437 | Gauntlet | Killed a death yak
 22438 | Gauntlet | Reached XP level 13. HP: 107/113 MP: 20/24
 22595 | Gauntlet | Noticed a minotaur
 22606 | Gauntlet | Killed a minotaur
 22612 | Gauntlet | Identified the +4 battleaxe of Crystal {flame, rElec Will+}
 23272 | Lair:4   | Found a viscous altar of Jiyva.
 23346 | Lair:4   | Found a staircase to the Slime Pits.
 23362 | Lair:4   | Reached skill level 13 in Fire Magic
 23369 | Lair:4   | Offered knowledge of Dazzling Flash by Vehumet.
 24300 | Lair:5   | Entered Level 5 of the Lair of Beasts
 24497 | Lair:5   | Noticed Rupert
 25146 | Lair:5   | Reached **** piety under Vehumet
 25171 | Lair:5   | Reached skill level 14 in Fire Magic
 25433 | Lair:5   | Learned a level 4 spell: Sticky Flame
 25504 | Lair:5   | Offered knowledge of Stone Arrow by Vehumet.
 25576 | Lair:5   | Paralysed by Rupert for 5 turns
 25616 | Lair:4   | Killed Rupert
 25986 | Lair:5   | Acquired a book of the Spheres
 25994 | Lair:5   | Learned a level 5 spell: Fireball
 26002 | Lair:5   | Learned a level 7 spell: Orb of Destruction
 26074 | Lair:5   | Reached XP level 14. HP: 121/121 MP: 8/27
 26314 | Lair:5   | Reached skill level 10 in Spellcasting
 26590 | Lair:5   | Noticed Urug
 26599 | Lair:5   | Killed Urug
 27230 | Lair:5   | Identified the +8 trident of the Other Side {pain, rPois}
 27622 | Orc:1    | Entered Level 1 of the Orcish Mines
 27678 | Orc:1    | Noticed Sonja
 27680 | Orc:1    | Reached skill level 15 in Fire Magic
 27692 | D:9      | Killed Sonja
 28144 | Orc:2    | Entered Level 2 of the Orcish Mines
 28392 | Orc:2    | Reached ***** piety under Vehumet
 28395 | Orc:2    | Offered knowledge of Starburst by Vehumet.
 28534 | Orc:1    | Learned a level 6 spell: Starburst
 28545 | Orc:1    | Reached skill level 15 in Conjurations
 28772 | Orc:2    | Noticed an orc warlord
 28872 | Orc:2    | Found a staircase to the Elven Halls.
 29065 | Orc:2    | Noticed Nessos
 29075 | Orc:2    | Killed Nessos
 29383 | Orc:2    | Killed an orc warlord
 29580 | Orc:2    | Found Ifoky's Weapon Boutique.
 29580 | Orc:2    | Found Juipiweici's Armour Emporium.
 29581 | Orc:2    | Found Wookhlae's General Store.
 29581 | Orc:2    | Found Eviowk's Antique Armour Shop.
 29593 | Orc:2    | Bought a +2 pair of gloves of dexterity for 322 gold pieces
 29993 | D:12     | You fall into a shaft and drop 3 floors!
 29993 | D:15     | Entered Level 15 of the Dungeon
 30037 | D:15     | Identified the ring "Kekhlobra" {rCorr Stlth+}
 31062 | D:14     | Reached XP level 15. HP: 77/132 MP: 29/29
 31149 | D:14     | Offered knowledge of Irradiate by Vehumet.
 31481 | D:14     | Found a gate to the Vaults.
 31567 | D:13     | Noticed Josephine
 31662 | D:13     | Killed Josephine
 31940 | D:13     | Identified the +4 plate armour "Ataloal" {rElec Stlth+}
 32684 | D:12     | Identified the +2 scale mail of Spite {rElec Int+7 SInv
                  | Stlth-}
 32692 | D:12     | Identified the +1 leather armour of the Arena {rN+ rCorr
                  | Int+2 Dex+2}
 33309 | D:13     | Reached skill level 1 in Shields
 34837 | D:15     | Reached skill level 5 in Shields
 35542 | D:15     | Found a staircase to the Depths.
 36136 | Elf:1    | Entered Level 1 of the Elven Halls
 36684 | Elf:1    | Paralysed by an air elemental for 1 turns
 37409 | Spider:1 | Entered Level 1 of the Spider Nest
 37450 | Spider:1 | Noticed Aizul
 37469 | Spider:1 | Killed Aizul
 37883 | Spider:1 | Noticed Azrael
 37898 | Spider:1 | Killed Azrael
 38715 | Spider:1 | Reached XP level 16. HP: 145/145 MP: 30/30
 39550 | Spider:1 | Found the ring of Shadows {Umbra +Inv Stlth+}
 40397 | Spider:2 | Offered knowledge of Eringya's Noxious Bog by Vehumet.
 42331 | Spider:1 | Reached skill level 15 in Fighting
 42546 | Spider:2 | Noticed Arachne
 42581 | Spider:1 | HP: 5/149 [wolf spider (12)]
 43409 | Spider:1 | Killed Arachne
 44918 | Swamp:1  | Entered Level 1 of the Swamp
 44926 | Swamp:1  | Reached skill level 15 in Dodging
 45078 | Swamp:1  | Identified the +1 chain mail "Fiafiosk" {Str+2 Int+3}
 45698 | Swamp:1  | Found Piojower's Island Escapes.
 45709 | Swamp:1  | Bought a scroll of blinking for 142 gold pieces
 45709 | Swamp:1  | Bought a potion of invisibility for 152 gold pieces
 45709 | Swamp:1  | Bought a wand of digging (6) for 478 gold pieces
 45709 | Swamp:1  | Bought a scroll of blinking for 142 gold pieces
 45709 | Swamp:1  | Bought a scroll of teleportation for 57 gold pieces
 45709 | Swamp:1  | Bought a potion of invisibility for 152 gold pieces
 46688 | Swamp:2  | Reached XP level 17. HP: 129/156 MP: 31/31
 47673 | Swamp:3  | Identified the +6 long sword "Xyleik" {vamp, rElec rF+
                  | Int-5}
 47747 | Swamp:3  | Offered knowledge of Spellforged Servitor by Vehumet.
 47927 | Swamp:3  | Reached skill level 16 in Fire Magic
 48495 | Swamp:4  | Entered Level 4 of the Swamp
 48582 | Swamp:4  | Found a frozen archway.
 48607 | IceCv    | Entered an ice cave
 49631 | IceCv    | Found an ancient bone altar of Kikubaaqudgha.
 49750 | IceCv    | Noticed a lich
 49758 | IceCv    | Killed a lich
 49758 | IceCv    | Offered knowledge of Yara's Violent Unravelling by Vehumet.
 50251 | IceCv    | Identified the ring of Oxioh {rPois rC+ rN+ Int-5}
 50945 | Swamp:4  | Reached skill level 17 in Fire Magic
 51802 | Swamp:4  | Noticed a tentacled monstrosity
 51826 | Swamp:4  | Killed a tentacled monstrosity
 52013 | Swamp:4  | Reached XP level 18. HP: 126/163 MP: 20/34
 52126 | Swamp:4  | Got a decaying rune of Zot
 54118 | Spider:3 | Identified the +1 ring mail of the Watchman {rF+ rC- rN+++
                  | Str+3}
 55049 | Spider:3 | Reached ****** piety under Vehumet
 55852 | Spider:3 | Reached skill level 18 in Fire Magic
 55999 | Spider:3 | Learned a level 5 spell: Iskenderun's Battlesphere
 56406 | Spider:4 | Entered Level 4 of the Spider Nest
 56506 | Spider:4 | Noticed Agnes
 56515 | Spider:3 | Killed Agnes
 56824 | Spider:3 | Offered knowledge of Lightning Bolt by Vehumet.
 57372 | Spider:4 | Killed from afar by a jorogumo

Illustrated notes

Levels and vault maps discovered:
D:1:      minmay_arrival_widening_spiral_wide, layout_rooms,
          nicolae_ecumenical_lake_church, serial_glass, glass_columns_a,
          glass_columns_b
D:2:      minmay_diamond_boxcup, layout_loops_ring
D:3:      minmay_door_path, layout_basic
D:4:      layout_cave_pools, serial_glass, glass_columns_b, glass_columns_b,
          glass_columns_c, glass_columns_a, glass_columns_a,
          dreamdust_gnoll_farm, uniq_grinder
D:5:      lemuel_ice_spiral_2, layout_rooms, lemuel_round_altar,
          mainiacjoe_overflow_paths, uniq_sigmund, uniq_duvessa, uniq_ijyb,
          uniq_crazy_yiuf_cottage
D:6:      layout_layer_cave, minmay_temple_entry_wispy
D:7:      layout_loops_ring, fedhas_bush_and_centaur_altar,
          minmay_strange_pillars
D:8:      layout_rooms, kennysheep_okawaru_gauntlet, enter_bailey_2
D:9:      nicolae_BIG_FREAKIN_CUBE, layout_irregular_city,
          nicolae_uskayaw_en_pointe, uniq_gastronok
D:10:     layout_irregular_city, marbit_many_paths,
          mainiacjoe_overflow_alcove_1, mainiacjoe_overflow_surrounded_room
D:11:     layout_basic, lair_entry_dummy, uniq_fannar
D:12:     layout_big_octagon
D:13:     layout_loops_corners, minmay_strange_pillars, minmay_hedge_maze,
          uniq_josephine
D:14:     layout_basic, david_vaults_1, nicolae_lava_and_water
D:15:     grunt_enter_depths_giant_problem, layout_gridville, corner_web_ring
Temple:   eino_narrow_crystal_temple
Lair:1:   layout_regular_city, basic_altar
Lair:2:   layout_cave_pods
Lair:3:   layout_layer_cave, minmay_swamp_entry_worms, spider_nest_entry_a,
          st_stairs_9
Lair:4:   layout_cellular_growth, minmay_slime_entry_oklob_enclosed,
          gauntlet_entry_generic, serial_bayou_lagoon_a
Lair:5:   gammafunk_lair_ancient_temple, layout_regular_city, uniq_rupert,
          uniq_urug
Swamp:1:  layout_basic_swamp, nicolae_swamp_fairy_circle, swamp_pool2,
          nicolae_island_escapes
Swamp:2:  layout_basic_swamp, hangedman_swamp_diagram
Swamp:3:  layout_basic_swamp, evilmike_swamp_ruin_house_5, st_swamp_mini
Swamp:4:  swamp_vile, layout_basic_swamp, portal_ice_cave_entry_pillars_1
Spider:1: layout_spider_delve, worms_lemuel, uniq_aizul, uniq_azrael
Spider:2: layout_spider_delve, nicolae_arachne_temple
Spider:3: nicolae_spider_hilbert_zone_5 [nicolae_spider_hilbert_3_sides_1_open,
          nicolae_spider_hilbert_4_sides_1_open,
          nicolae_spider_hilbert_4_sides_1_open,
          nicolae_spider_hilbert_6_sides_1_open,
          nicolae_spider_hilbert_6_sides_1_open], nicolae_spider_scorpion_nest
Spider:4: grunt_spider_rune_circles, uniq_louise, uniq_arachne, uniq_agnes
Orc:1:    layout_caves, uniq_sonja
Orc:2:    st_orc_ogre_mass, layout_caves, basic_altar, nicolae_orc_rockfall,
          uniq_nessos
Elf:1:    eino_elf_arrival_customs, layout_loops_corners, minmay_elf_necromancy,
          serial_sigils_hangedman_snap

Skill      XL: |  1  2  3  4  5  6  7  8  9 10 11 12 13 14 15 16 17 18 |
---------------+-------------------------------------------------------+-----
Dodging        | 2 3 4 5 6 7 10 11 12 15 | 15.0
Fighting       | 1 2 3 4 5 7 9 10 11 13 15 | 15.0
Conjurations   | 2 3 4 5 6 8 10 11 13 15 16 17 | 17.4
Spellcasting   | 3 4 5 7 9 10 12 13 | 13.1
Fire Magic     | 4 5 6 7 9 10 12 14 15 17 18 | 18.3
Shields        | 6 |  6.0
Stealth        | |  1.7

Action                   |  1- 3 |  4- 6 |  7- 9 | 10-12 | 13-15 | 16-18 || total
-------------------------+-------+-------+-------+-------+-------+-------++-------
Melee: Unarmed           |     9 |       |    11 |       |       |       ||    20
       Hand axe          |    37 |       |       |       |       |       ||    37
       Tailslap          |     8 |    11 |    20 |    29 |    26 |    75 ||   169
       Dagger            |    32 |    81 |   107 |    79 |       |       ||   299
       Punch             |       |       |       |     1 |     1 |       ||     2
       Halberd           |       |       |       |    90 |       |       ||    90
       Staff             |       |       |       |       |   120 |    42 ||   162
       Trident           |       |       |       |       |       |   266 ||   266
 Cast: Foxfire           |    44 |    89 |    13 |    32 |   191 |    35 ||   404
       Scorch            |       |     5 |   169 |   378 |   507 |   623 ||  1682
       Conjure Flame     |       |       |     1 |     8 |     9 |     3 ||    21
       Flame Wave        |       |       |     1 |    21 |    26 |    43 ||    91
       Sticky Flame      |       |       |       |       |   101 |   228 ||   329
       Orb of Destructio |       |       |       |       |    32 |     7 ||    39
       Fireball          |       |       |       |       |     4 |    13 ||    17
       Starburst         |       |       |       |       |    14 |     5 ||    19
       Iskenderun's Batt |       |       |       |       |       |     3 ||     3
 Abil: Breathe Fire      |       |       |     9 |     4 |     6 |     8 ||    27
Evoke: Wand              |       |       |       |     2 |       |     5 ||     7
  Use: Scroll            |       |    13 |     8 |    12 |    19 |    16 ||    68
       Potion            |       |       |     1 |     5 |     7 |     9 ||    22
 Stab: Sleeping          |     3 |     1 |     5 |       |       |       ||     9
       Paralysed         |       |       |       |       |       |    10 ||    10
Armor: Skin              |    22 |    34 |    77 |    92 |   148 |   537 ||   910
Dodge: Dodged            |    66 |    46 |   135 |   372 |   471 |  1181 ||  2271
Block: Other             |       |       |     7 |   105 |    81 |       ||   193
       Reflection        |       |       |       |     4 |    17 |    15 ||    36
       Buckler           |       |       |       |       |   158 |   901 ||  1059
